 Dungeon Crawl Stone Soup version 0.30-a0-618-gd6c86c23d0 (webtiles) character file.

Game seed: 4675111507646488032

91 greasedhog the Trooper (level 4, -1/40 HPs)
             Began as a Draconian Fighter on Jan 9, 2023.
             Was an Initiate of Qazlal.
             Slain by an ogre
             ... wielding a +0 giant club
              (22 damage)
             ... on level 3 of the Dungeon.
             The game lasted 00:02:11 (2074 turns).

greasedhog the Trooper (Draconian Fighter)          Turns: 2074, Time: 00:02:12

Health: -1/40      AC:  5    Str: 19    XL:     4   Next: 33%
Magic:  5/5        EV: 12    Int:  8    God:    Qazlal [......]
Gold:   92         SH:  4    Dex: 12    Spells: 3/3 levels left

rFire   . . .      SeeInvis .    a - +0 long sword
rCold   . . .      Faith    .    b - +0 buckler
rNeg    . . .      Spirit   .    (body armour unavailable)
rPois   .          Reflect  .    (helmet restricted)
rElec   .          Harm     .    (no cloak)
rCorr   +          Rampage  .    (no gloves)
Will    .....                    (no boots)
Stlth   +                        (no amulet)
HPRegen 0.26/turn                f - ring of resist corrosion
MPRegen 0.09/turn                (no ring)

@: mighty
A: AC +5, unfitting armour, cold-blooded
a: Renounce Religion


You were on level 3 of the Dungeon.
You worshipped Qazlal.
Qazlal was noncommittal.
You visited 1 branch of the dungeon, and saw 3 of its levels.

You collected 92 gold pieces.

Inventory:

Hand Weapons
 a - a +0 long sword (weapon)
Armour
 b - a +0 buckler (worn)
Jewellery
 f - a ring of resist corrosion (left hand)
Scrolls
 h - a scroll of enchant weapon {unknown}
 i - a scroll of blinking {unknown}
 k - a scroll of magic mapping {unknown}
Potions
 c - 2 potions of might
 d - a potion of berserk rage
 j - 2 potions of degeneration {unknown}
 l - a potion of ambrosia {unknown}


   Skills:
 * Level 4.1 Fighting
 * Level 3.1 Long Blades
 + Level 3.2 Dodging
 - Level 3.0 Shields
 * Level 1.4 Invocations


You had 3 spell levels left.
You didn't know any spells.
Your spell library contained the following spells:

 Spells                   Type           Power      Damage    Failure   Level
 Magic Dart               Conj           0%         1d3       50%         1
 Call Imp                 Summ           0%         N/A       65%         2
 Mephitic Cloud           Conj/Pois/Air  0%         N/A       86%         3


Dungeon Overview and Level Annotations

Branches:
Dungeon (3/15)

Altars:
Qazlal


Innate Abilities, Weirdness & Mutations

Your plain brown scales are hard. (AC +5)
You cannot fit into any form of body armour.
You are cold-blooded and may be slowed by cold attacks.


Message History

No target in view!
No target in view!
No target in view!
No target in view!
No target in view!
No target in view!
No target in view!
No target in view!
No target in view!
Magic restored.
Found a sling.
As you open the door, it creaks loudly!
You hear a shout!
A goblin and an ogre come into view.
Found 15 gold pieces.
The goblin shouts!
The ogre shouts!
There is an open door here.
You slash the ogre!
The ogre is moderately wounded.
The ogre hits you with a +0 giant club!
You hit the ogre but do no damage.
The ogre is moderately wounded.
You block the ogre's attack.
You slash the ogre!
The ogre is severely wounded.
The ogre hits you with a +0 giant club.
You are too injured to fight recklessly!
Okay, then.
There is an open door here.
As you open the large door, it creaks loudly!
There is a large open door here.
There is a large open door here.
The ogre attacks as you move away! The ogre completely misses you.
The ogre attacks as you move away! The ogre hits you with a +0 giant club.
There is a stone staircase leading up here.
You feel very mighty all of a sudden.
You hit the ogre.
The ogre is almost dead.
The ogre hits you with a +0 giant club!!
Ouch! That really hurt!
You die...

#...# #.#.#.....<.#.###.........
....####.#.#.##...............###
#........#.#.......#.####.###.#
....######.#.#.#####(#......#.#
....†..).............###......###
...........#..............†.#....
#..###.#####.......#####.#..#.##.
.................................
...#............@#.####..#..#..#.
##.###..#####.#.O.....#..#..#....
... .... #.#.g..#.##. #.####''
#.####.#. #.#....#.##. #.#....†
#.# # #.#....# # #.....
#.#.###.#....# #. #..≈§≈
........#....#.... #..≈[.
###.##..#......... #..≈(.
#.....###.### #...§≈


You could see an ogre and a goblin.

Vanquished Creatures
  A gnoll (D:1)
  3 adders (D:3)
  A worm (D:3)
  An orc (D:3)
  7 ball pythons
  4 endoplasms
  2 giant cockroaches
  4 goblins
  6 hobgoblins
  3 jackals (D:3)
  4 quokkas
  2 bats
  A frilled lizard (D:2)
  2 kobolds
  4 rats
45 creatures vanquished.

Notes
Turn   | Place    | Note
-------+----------+-------------------------------------------
     0 | D:1      | greasedhog the Draconian Fighter began the quest for the
                  | Orb.
     0 | D:1      | Reached XP level 1. HP: 19/19 MP: 1/1
   320 | D:1      | Reached XP level 2. HP: 24/27 MP: 2/2
  1013 | D:2      | Found a stormy altar of Qazlal.
  1018 | D:2      | Became a worshipper of Qazlal Stormbringer
  1041 | D:2      | Reached XP level 3. HP: 33/33 MP: 3/3
  1598 | D:3      | Reached skill level 4 in Fighting
  1609 | D:3      | Reached skill level 1 in Invocations
  1736 | D:3      | Reached XP level 4. HP: 38/40 MP: 4/4
  2039 | D:3      | Noticed an ogre
  2074 | D:3      | Slain by an ogre

Illustrated notes

Levels and vault maps discovered:
D:1:      dpeg_arrival_water_fire, layout_basic
D:2:      layout_basic, serial_glass, glass_columns_c, glass_columns_a,
          glass_columns_b, glass_columns_a, glass_columns_b, glass_columns_c,
          basic_altar
D:3:      layout_basic, chequers_garden, kennysheep_generic_room_7

Skill      XL: |  1  2  3 |
---------------+----------+-----
Dodging        | 3 |  3.2
Fighting       | 4 |  4.1
Invocations    | 1 |  1.4
Long Blades    | 3 |  3.1
Shields        | |  3.0

Action                   |  1- 3 |  4- 6 || total
-------------------------+-------+-------++-------
Melee: Long sword        |    90 |    19 ||   109
       Tailslap          |    10 |     3 ||    13
  Use: Scroll            |     2 |       ||     2
       Potion            |       |     1 ||     1
 Stab: Sleeping          |     2 |       ||     2
Armor: Skin              |    24 |     5 ||    29
Dodge: Dodged            |    56 |    12 ||    68
Block: Buckler           |    17 |     5 ||    22

Table legend: (Time is in decaauts)
 A = Elapsed time spent in this place.
 B = Non-inter-level travel time spent in this place.
 C = Inter-level travel time spent in this place.
 D = Time resting spent in this place.
 E = Time spent auto-exploring this place.
 F = Levels seen in this place.
 G = Mean time per level.
                   A        B        C        D        E       F      G
               +--------+--------+--------+--------+--------+-----+--------+
         Total |   2107 |   2040 |     67 |      0 |   1681 |   3 |  702.3 |
       Dungeon |   2107 |   2040 |     67 |      0 |   1681 |   3 |  702.3 |
               +--------+--------+--------+--------+--------+-----+--------+

Top non-repeatable levels by time:
     D:1: 1022 daAuts
     D:2: 583 daAuts
     D:3: 502 daAuts
